 Dungeon Crawl Stone Soup version 0.31-a0-845-g9abc20d24f (webtiles) character file.

Game seed: 4582454350554686271

90 Descartes the Changeling (level 4, -6/19 HPs)
             Began as a Felid Shapeshifter on Oct 2, 2023.
             Mangled by an iguana (13 damage)
             ... on level 4 of the Dungeon.
             The game lasted 00:02:43 (2210 turns).

Descartes the Changeling (Felid Shapeshifter)       Turns: 2210, Time: 00:02:44

Health: -6/19      AC:  1    Str: 12    XL:     4   Next: 32%
Magic:  5/5        EV: 18    Int: 11    God:
Gold:   102        SH:  0    Dex: 15    Spells: 3/3 levels left
                                        Lives:  0   Deaths: 2

rFire   . .          .
                       - Unarmed
rCold   . . .        (shield unavailable)
rNeg    . . .        (body armour unavailable)
rPois   .            (helmet unavailable)
rElec   .            (cloak unavailable)
rCorr   .            (gloves unavailable)
SInv    +            (boots unavailable)
Will    .....        (no amulet)
Stlth   ++           (no ring)
HPRegen 0.23/turn    (no ring)
MPRegen 0.09/turn

%: no passive effects
@: beast-form, quick
A: beast (slay +2), very small, claws 1, fangs 3, see invisible, speed 1, shaggy
fur 1, stealthy paws, no weapons or thrown items, no armour, multi-lived
a: Begin Untransformation


You were on level 4 of the Dungeon.
You were a hulking beast.
You visited 1 branch of the dungeon, and saw 4 of its levels.

You collected 102 gold pieces.

Inventory:

Talismans
 b - a beast talisman (active)
 c - a flux talisman
Wands
 f - a wand of iceblast (6)
Scrolls
 d - a scroll of vulnerability {unknown}
 g - 2 scrolls of identify {unknown}
 h - a scroll of immolation {unknown}
 i - a scroll of teleportation {unknown}
 l - 2 scrolls of amnesia {unknown}
 m - a scroll of summoning {unknown}
 n - a scroll of brand weapon {unknown}
Potions
 a - 2 potions of lignification
 e - 3 potions of might {unknown}
 j - a potion of ambrosia {unknown}
 k - 2 potions of berserk rage {unknown}
 o - a potion of attraction {unknown}


   Skills:
 + Level 2.0 Fighting
 + Level 3.6 Dodging
 + Level 2.3 Stealth
 + Level 3.5 Unarmed Combat
 + Level 3.8 Shapeshifting


You had 3 spell levels left.
You didn't know any spells.
Your spell library contained the following spells:

 Spells                   Type           Power      Damage    Failure   Level
 Magic Dart               Conj           0%         1d3       34%         1
 Call Imp                 Summ           0%         N/A       47%         2
 Lesser Beckoning         Tloc           0%         N/A       47%         2
 Gell's Gravitas          Tloc           0%         N/A       71%         3
 Mephitic Cloud           Conj/Pois/Air  0%         N/A       71%         3
 Teleport Other           Tloc           0%         N/A       71%         3


Dungeon Overview and Level Annotations

Branches:
Dungeon (4/15)
 Temple: D:4-7

Altars:
Elyvilon

Shops:
D:4 :


Innate Abilities, Weirdness & Mutations

You are a hulking beast.
Your limbs bulge with bestial killing power. (Slay +2)
You have sharp claws.
You have razor-sharp teeth.
You have supernaturally acute eyesight. (SInv)
You cover ground quickly. (Speed+)
You are covered in fur. (AC +1)
Your paws help you pounce on unaware monsters.
You are incapable of wielding weapons or throwing items.
You cannot wear armour.
You gain extra lives every three experience levels.


Message History

Found a whip.
You open the door.
There is an open door here.
You now have 93 gold pieces (gained 9).
You now have 102 gold pieces (gained 9).
You open the door.
There is an open door here.
l - 2 scrolls labelled XABLAU CUNEKE (gained 1)
An iguana comes into view.
The iguana hisses angrily.
Found a hand axe.
The iguana completely misses you.
You scratch the iguana. You bite the iguana.
The iguana is heavily wounded.
The iguana closely misses you.
You scratch the iguana.
The iguana is severely wounded.
The iguana closely misses you.
You scratch the iguana.
The iguana is severely wounded.
The iguana completely misses you.
You scratch the iguana but do no damage.
The iguana is severely wounded.
The iguana bites you!
Ouch! That really hurt!
You are too injured to fight recklessly!
You are too injured to fight recklessly!
You are too injured to fight recklessly!
You are too injured to fight recklessly!
You are too injured to fight recklessly!
You are too injured to fight recklessly!
You are too injured to fight recklessly!
An iguana is nearby!
You scratch the iguana but do no damage.
Your bite misses the iguana.
The iguana is severely wounded.
You scratch the iguana.
The iguana is almost dead.
The iguana bites you!
Ouch! That really hurt!
You die...

#.... ). #..... ...
#...# #####
...##...###...#
.............#
............##########
#.........'.........
#.........#.........
#..h......#.........
+.l.......#.........
#.........#.........
####+##...###.....##
##+########'##
..............
..............
..........)...
.....#..#...##


You could see an iguana.

Vanquished Creatures
  An orc wizard (D:3)
  An adder (D:2)
  2 worms
  3 orcs
  9 ball pythons
  3 bats
  2 endoplasms (D:3)
  3 giant cockroaches
  3 hobgoblins
  6 kobolds
  3 quokkas
  3 frilled lizards
  4 goblins
  A rat (D:3)
44 creatures vanquished.

Notes
Turn   | Place    | Note
-------+----------+-------------------------------------------
     0 | D:1      | Descartes the Felid Shapeshifter began the quest for the
                  | Orb.
     0 | D:1      | Reached XP level 1. HP: 9/9 MP: 2/2
   227 | D:1      | Reached XP level 2. HP: 12/12 MP: 3/3
   243 | D:1      | Reached skill level 1 in Stealth
  1020 | D:2      | Reached XP level 3. HP: 15/15 MP: 4/4
  1335 | D:3      | Found a faded altar of an unknown god.
  1409 | D:3      | Found a white marble altar of Elyvilon.
  1591 | D:3      | Killed from afar by an orc wizard
  1670 | D:3      | Reached XP level 4. HP: 3/19 MP: 5/5
  2159 | D:4      | Found Giclappir's Book Shop.
  2171 | D:4      | Killed from afar by an orc wizard
  2210 | D:4      | Mangled by an iguana

Illustrated notes

Levels and vault maps discovered:
D:1:      amcnicky_arrival_flooded_fountain, layout_basic
D:2:      layout_loops_ring
D:3:      layout_loops_ring, mainiacjoe_overflow_alcove_4,
          chequers_ecumenical_altar_twisty
D:4:      layout_gridville, regret_index_temple_of_mockery, serial_shops,
          shop_coins, kennysheep_dice

Skill      XL: |  1  2  3  4 |
---------------+-------------+-----
Stealth        | 1 2 |  2.3
Dodging        | 3 |  3.6
Fighting       | 2 |  2.0
Unarmed Combat | |  3.5
Shapeshifting  | |  3.8

Action                     |  1- 3 |  4- 6 || total
---------------------------+-------+-------++-------
  Melee: Unarmed           |    61 |    38 ||    99
         Bite              |     3 |     8 ||    11
         Punch             |     1 |     2 ||     3
   Stab: Sleeping          |     4 |       ||     4
         Distracted        |       |     1 ||     1
 Armour: Skin              |    10 |    16 ||    26
  Dodge: Dodged            |    43 |    21 ||    64

Table legend: (Time is in decaauts)
 A = Elapsed time spent in this place.
 B = Non-inter-level travel time spent in this place.
 C = Inter-level travel time spent in this place.
 D = Time resting spent in this place.
 E = Time spent auto-exploring this place.
 F = Levels seen in this place.
 G = Mean time per level.
                   A        B        C        D        E       F      G
               +--------+--------+--------+--------+--------+-----+--------+
         Total |   1813 |   1737 |     76 |      0 |   1469 |   4 |  453.2 |
       Dungeon |   1813 |   1737 |     76 |      0 |   1469 |   4 |  453.2 |
               +--------+--------+--------+--------+--------+-----+--------+

Top non-repeatable levels by time:
     D:3: 733 daAuts
     D:1: 510 daAuts
     D:2: 467 daAuts
     D:4: 101 daAuts
